Red Wings vs Kings
Created - March 26, 2024 at 19:07
Goals
|
| Red Wings |
4 |
1 |
0 |
5 |
| Kings |
0 |
1 |
0 |
1 |
|
Shots
|
| Red Wings |
13 |
6 |
4 |
23 |
| Kings |
2 |
5 |
6 |
13 |
|
1st period
1. Red Wings , Charlie Coyle 25 (Dylan Larkin 42, Danton Heinen 22) at 1:13 (PP)
2. Red Wings , Connor Brown 20 (Charlie Coyle 48) at 1:21
3. Red Wings , Jake Gardiner 2 (Alex DeBrincat 16) at 9:12 (PP)
4. Red Wings , Connor Brown 21 (Dylan Larkin 43, Charlie Coyle 49) at 9:18 (PP)
Penalties :
Alex Killorn (L.A) for Holding (Minor) at 0:48, Mikko Rantanen (L.A) for Hooking (Minor) at 1:38, Mitch Marner (L.A) for Hooking (Minor) at 8:11, Frans Nielsen (L.A) for Holding (Minor) at 8:38, Connor Brown (Det) for Tripping (Minor) at 13:23, Sam Bennett (L.A) for Holding (Minor) at 17:07
2nd period
5. Kings , Johnny Gaudreau 40 (Neal Pionk 8, Carter Hutton) at 8:10
6. Red Wings , Jonathan Drouin 17 (Alex DeBrincat 17, Dylan Larkin 44) at 11:06 (PP)
Penalties :
Carson Mcmillan (Det) for Roughing (Minor) at 3:29, Marc Staal (L.A) for Hooking (Minor) at 10:18, Mike Richards (Det) for Goalie Interference (Minor) at 14:17
3rd period
No Goal
Penalties :
Sam Bennett (L.A) for Hooking (Minor) at 1:05, Alex DeBrincat (Det) for Tripping (Minor) at 4:32, Colten Teubert (Det) for Tripping (Minor) at 8:13
Goalie Stats
Ondrej Pavelec (Det), 12 saves from 13 shots - (0.923), W, 30-16-4, 60:00 minutes
Alexandar Georgiev (L.A), 7 saves from 11 shots - (0.636), L, 22-25-4, 9:18 minutes
Carter Hutton (L.A), 11 saves from 12 shots - (0.917), 50:42 minutes
Players Stats for Red Wings
Player Name G A P +/- PIM S H SB GA TA FO MP PP MP PK MP
------------------------------------------------------------------------------------
Alex DeBrincat 0 2 2 -1 2 1 3 0 2 0 0/0 11:58 3:24 0:00
Braydon Coburn 0 0 0 0 0 0 1 1 0 0 0/0 16:17 0:36 5:45
Cal Clutterbuck 0 0 0 0 0 2 0 0 0 2 0/0 12:02 0:04 2:32
Carson Mcmillan 0 0 0 -1 2 1 1 2 1 0 1/2 13:06 0:00 4:24
Charlie Coyle 1 2 3 1 0 1 1 1 1 0 11/19 19:31 4:42 2:55
Colten Teubert 0 0 0 0 2 0 0 0 0 0 0/0 14:07 0:00 3:09
Connor Brown 2 0 2 1 2 6 1 0 0 0 1/1 17:21 4:49 0:00
Danton Heinen 0 1 1 1 0 1 2 0 1 0 0/0 19:27 5:37 2:08
Drew Fata 0 0 0 0 0 0 1 0 0 2 0/0 17:13 0:00 3:53
Dylan Larkin 0 3 3 0 0 3 1 0 2 0 3/10 17:09 4:49 0:04
Greg Stewart 0 0 0 0 0 1 1 0 0 0 0/0 12:59 0:04 0:30
Jake Gardiner 1 0 1 0 0 1 0 1 0 0 0/0 18:13 2:40 1:01
Jeff Schultz 0 0 0 0 0 1 2 4 0 1 0/0 25:38 2:40 5:48
Jonathan Drouin 1 0 1 0 0 2 1 0 0 1 1/1 15:35 3:24 0:00
Jussi Jokinen 0 0 0 0 0 1 1 0 0 0 0/0 8:03 0:00 0:00
Mike Richards 0 0 0 0 2 1 2 0 1 1 3/6 11:14 0:11 1:47
Philip Samuelsson 0 0 0 0 0 1 1 4 0 0 0/0 22:42 5:01 0:14
T.J. Hensick 0 0 0 -1 0 0 4 0 0 0 8/10 17:25 3:24 5:30
Players Stats for Kings
Player Name G A P +/- PIM S H SB GA TA FO MP PP MP PK MP
------------------------------------------------------------------------------------
Alex Killorn 0 0 0 1 2 0 1 0 0 0 0/1 12:28 0:01 0:51
Auston Matthews 0 0 0 0 0 0 5 0 0 0 3/11 16:45 5:36 0:43
Chris Tierney 0 0 0 0 0 0 3 0 0 1 1/2 19:28 4:18 4:51
Colton Parayko 0 0 0 1 0 0 1 0 1 0 0/0 23:51 0:00 4:49
David Backes 0 0 0 -1 0 1 0 0 0 0 0/1 13:58 0:03 0:00
Frans Nielsen 0 0 0 0 2 0 1 0 0 2 3/12 12:35 0:01 4:14
Jared Cowen 0 0 0 1 0 1 1 1 1 1 0/0 23:51 0:00 4:49
Johnny Gaudreau 1 0 1 -1 0 1 1 0 2 0 1/1 18:12 5:36 0:00
Marc Staal 0 0 0 -1 2 0 0 0 0 1 0/0 10:46 0:00 3:04
Matthew Tkachuk 0 0 0 0 0 0 0 0 0 0 0/0 10:31 4:16 0:00
Mikko Rantanen 0 0 0 0 2 1 1 0 0 0 1/1 16:26 5:36 0:00
Mitch Marner 0 0 0 1 2 3 1 0 0 2 0/0 16:54 6:06 0:00
Neal Pionk 0 1 1 -1 0 2 1 0 0 0 0/0 16:36 3:49 3:28
Raphael Diaz 0 0 0 0 0 2 3 1 0 0 0/0 13:37 0:00 0:24
Sam Bennett 0 0 0 1 4 1 1 1 2 0 2/3 16:28 4:18 1:14
Tyler Johnson 0 0 0 -1 0 1 1 1 0 1 9/16 19:15 3:49 1:34
Victor Hedman 0 0 0 0 0 0 0 0 0 0 0/0 19:33 6:06 0:00
Zac Rinaldo 0 0 0 0 0 0 2 0 1 0 1/1 9:48 0:00 2:32
3 Stars
1 - Charlie Coyle (Det)
2 - Connor Brown (Det)
3 - Dylan Larkin (Det)
Power Play
Red Wings - 4 on 7 Attempt(s) - 57.14%
Kings - 0 on 5 Attempt(s) - 0.00%
Penalty Kill
Red Wings - 5 on 5 Attempt(s) - 100.00%
- Score 0 goal in Penalty Kill
Kings - 3 on 7 Attempt(s) - 42.86%
- Score 0 goal in Penalty Kill
Team Stat
Red Wings - Hits : 23 - Faceoff Wins : 28 - Blocked Shots : 13 - Penalty Minutes : 10
Kings - Hits : 23 - Faceoff Wins : 21 - Blocked Shots : 4 - Penalty Minutes : 14
Official
Referees : Steve Kozari and Justin St. Pierre
Linesman : Michel Cormier and Ryan Daisy
Game Notes
Carter Hutton enters game at 9:18 of 1st period
5:46 of 2nd period - Red Wings goal is going for a video replay. After video review, No Goal. The puck has been directed, batted or thrown into the net by an attacking player other than with a stick.
Finance
Level 1 -- Attendance: 6000 (100.00%) -- Ticket Income $600,000
Level 2 -- Attendance: 4437 (88.74%) -- Ticket Income $266,220
Level 3 -- Attendance: 2000 (100.00%) -- Ticket Income $70,000
Level 4 -- Attendance: 3691 (92.28%) -- Ticket Income $92,275
Luxury Box -- Attendance: 1000 (100.00%) -- Ticket Income $200,000
Game was played at the Staples Center.
Total Attendance: 17128 (95.16%)
Total Ticket Income: $1,228,495
Other Income: $184,274
Total Income: $1,412,769
Red Wings
5 vs 5 Forward
Center Left Wing Right Wing Time % Phy DF OF
1 Dylan Larkin Greg Stewart Jonathan Drouin 35 1 2 2
2 Charlie Coyle Danton Heinen Connor Brown 35 1 2 2
3 T.J. Hensick Alex DeBrincat Carson Mcmillan 20 1 2 2
4 Mike Richards Jussi Jokinen Cal Clutterbuck 10 1 2 2
5 vs 5 Defense
Defense Defense Time % Phy DF OF
1 Philip Samuelsson Jeff Schultz 40 1 2 2
2 Jake Gardiner Drew Fata 30 1 2 2
3 Braydon Coburn Colten Teubert 20 1 2 2
4 Braydon Coburn Colten Teubert 10 1 2 2
PowerPlay Forward
Center Left Wing Right Wing Time % Phy DF OF
1 Charlie Coyle Dylan Larkin Connor Brown 60 1 2 2
2 T.J. Hensick Alex DeBrincat Jonathan Drouin 40 1 2 2
PowerPlay Defense
Defense Defense Time % Phy DF OF
1 Philip Samuelsson Danton Heinen 60 1 2 2
2 Jake Gardiner Jeff Schultz 40 1 2 2
Penalty Kill 4 Players Forward
Center Wing Time % Phy DF OF
1 T.J. Hensick Carson Mcmillan 60 1 2 2
2 Mike Richards Cal Clutterbuck 40 1 2 2
Penalty Kill 4 Players Defense
Defense Defense Time % Phy DF OF
1 Braydon Coburn Jeff Schultz 60 1 2 2
2 Colten Teubert Drew Fata 40 1 2 2
Penalty Kill - 3 Players Forward
Forward Time % Phy DF OF
1 Carson Mcmillan 60 1 2 2
2 Cal Clutterbuck 40 1 2 2
Penalty Kill - 3 Players Defense
Defense Defense Time % Phy DF OF
1 Drew Fata Braydon Coburn 60 1 2 2
2 Colten Teubert Jeff Schultz 40 1 2 2
4 vs 4 Forward
Center Wing Time % Phy DF OF
1 Charlie Coyle Connor Brown 60 1 2 2
2 Dylan Larkin Greg Stewart 40 1 2 2
4 vs 4 Defense
Defense Defense Time % Phy DF OF
1 Jake Gardiner Jeff Schultz 60 1 2 2
2 Philip Samuelsson Drew Fata 40 1 2 2
Last Minutes Offensive
Center Left Wing Right Wing Defense Defense
Dylan Larkin Charlie Coyle Jonathan Drouin Philip Samuelsson Connor Brown
Last Minutes Defensive
Center Left Wing Right Wing Defense Defense
Charlie Coyle Cal Clutterbuck Carson Mcmillan Jake Gardiner Jeff Schultz
Goaltenders
Starting : Ondrej Pavelec
Backup : Igor Shesterkin
Extra Forwards
Normal : T.J. Hensick, Cal Clutterbuck, Greg Stewart - PP : T.J. Hensick, Mike Richards - PK : Charlie Coyle
Extra Defensemen
Normal : Colten Teubert, Drew Fata, Braydon Coburn - PP : Braydon Coburn - PK : Jake Gardiner, Philip Samuelsson
Penalty Shots
Dylan Larkin, Connor Brown, Alex DeBrincat, Carson Mcmillan, Mike Richards
Custom OT Lines Forwards
Dylan Larkin, Connor Brown, Charlie Coyle, Greg Stewart, Danton Heinen, Jonathan Drouin, T.J. Hensick, Carson Mcmillan, Alex DeBrincat, Cal Clutterbuck
Custom OT Lines Defensemen
Philip Samuelsson, Jake Gardiner, Jeff Schultz, Colten Teubert, Drew Fata
Scratches
Brendan Woods (Healthy), Dalton Prout (Healthy), Roland McKeown (Torn Left Knee Ligaments Injury)
Kings
5 vs 5 Forward
Center Left Wing Right Wing Time % Phy DF OF
1 Tyler Johnson Johnny Gaudreau David Backes 40 1 2 2
2 Auston Matthews Chris Tierney Mikko Rantanen 30 1 2 2
3 Sam Bennett Alex Killorn Mitch Marner 20 1 2 2
4 Frans Nielsen Zac Rinaldo Matthew Tkachuk 10 1 2 2
5 vs 5 Defense
Defense Defense Time % Phy DF OF
1 Jared Cowen Colton Parayko 45 1 2 2
2 Victor Hedman Raphael Diaz 35 1 2 2
3 Marc Staal Neal Pionk 20 1 2 2
4 Jared Cowen Colton Parayko 0 1 2 2
PowerPlay Forward
Center Left Wing Right Wing Time % Phy DF OF
1 Auston Matthews Johnny Gaudreau Mikko Rantanen 60 0 1 4
2 Sam Bennett Chris Tierney Matthew Tkachuk 40 0 1 4
PowerPlay Defense
Defense Defense Time % Phy DF OF
1 Mitch Marner Victor Hedman 60 0 2 3
2 Tyler Johnson Neal Pionk 40 0 2 3
Penalty Kill 4 Players Forward
Center Wing Time % Phy DF OF
1 Frans Nielsen Chris Tierney 60 1 3 1
2 Sam Bennett Zac Rinaldo 40 1 3 1
Penalty Kill 4 Players Defense
Defense Defense Time % Phy DF OF
1 Jared Cowen Colton Parayko 60 1 4 0
2 Neal Pionk Marc Staal 40 1 4 0
Penalty Kill - 3 Players Forward
Forward Time % Phy DF OF
1 Chris Tierney 60 1 3 1
2 Sam Bennett 40 1 3 1
Penalty Kill - 3 Players Defense
Defense Defense Time % Phy DF OF
1 Jared Cowen Colton Parayko 60 1 4 0
2 Neal Pionk Marc Staal 40 1 4 0
4 vs 4 Forward
Center Wing Time % Phy DF OF
1 Auston Matthews Johnny Gaudreau 55 1 1 3
2 Tyler Johnson Mikko Rantanen 45 1 1 3
4 vs 4 Defense
Defense Defense Time % Phy DF OF
1 Jared Cowen Colton Parayko 60 1 3 1
2 Victor Hedman Marc Staal 40 0 3 2
Last Minutes Offensive
Center Left Wing Right Wing Defense Defense
Tyler Johnson Johnny Gaudreau Mikko Rantanen Victor Hedman Colton Parayko
Last Minutes Defensive
Center Left Wing Right Wing Defense Defense
Tyler Johnson Chris Tierney Mikko Rantanen Jared Cowen Colton Parayko
Goaltenders
Starting : Alexandar Georgiev
Backup : Carter Hutton
Extra Forwards
Normal : Tyler Johnson, Auston Matthews, Sam Bennett - PP : David Backes, Frans Nielsen - PK : Tyler Johnson
Extra Defensemen
Normal : Colton Parayko, Jared Cowen, Victor Hedman - PP : Colton Parayko - PK : Raphael Diaz, Victor Hedman
Penalty Shots
Mikko Rantanen, Auston Matthews, Tyler Johnson, Johnny Gaudreau, Frans Nielsen
Custom OT Lines Forwards
Johnny Gaudreau, Tyler Johnson, David Backes, Mikko Rantanen, Auston Matthews, Chris Tierney, Sam Bennett, Mitch Marner, Matthew Tkachuk, Alex Killorn
Custom OT Lines Defensemen
Jared Cowen, Colton Parayko, Victor Hedman, Marc Staal, Neal Pionk
Scratches
Ole-Kristian Tollefsen (Healthy)
% Time on Ice - Red Wings
Lines # - Real PCT - Wanted PCT - Time Play
Normal Forward
1 - 31% - 35% - 12:50
2 - 30% - 35% - 12:28
3 - 20% - 20% - 8:27
4 - 19% - 10% - 8:03
Normal Defense
1 - 42% - 40% - 17:35
2 - 34% - 30% - 14:09
3 - 19% - 20% - 7:55
4 - 5% - 10% - 2:09
PP Forward
1 - 59% - 60% - 4:53
2 - 41% - 40% - 3:24
PP Defense
1 - 68% - 60% - 5:37
2 - 32% - 40% - 2:40
PK Forward
1 - 74% - 60% - 7:23
2 - 26% - 40% - 2:32
PK Defense
1 - 60% - 60% - 5:55
2 - 40% - 40% - 4:00
PK3 Forward
1 - 0% - 60%
2 - 0% - 40%
PK3 Defense
1 - 0% - 60%
2 - 0% - 40%
44 Forward
1 - 0% - 60%
2 - 0% - 40%
44 Defense
1 - 0% - 60%
2 - 0% - 40%
Last Minute Offensive - 0:00
Last Minute Defensive - 0:00
Total
Forward - 60:00
Defense - 60:00
|
% Time on Ice - Kings
Lines # - Real PCT - Wanted PCT - Time Play
Normal Forward
1 - 32% - 40% - 13:32
2 - 25% - 30% - 10:30
3 - 26% - 20% - 10:41
4 - 17% - 10% - 7:05
Normal Defense
1 - 46% - 45% - 19:16
2 - 35% - 35% - 14:50
3 - 18% - 20% - 7:42
4 - 0% - 0% - 0:00
PP Forward
1 - 57% - 60% - 5:37
2 - 43% - 40% - 4:18
PP Defense
1 - 62% - 60% - 6:06
2 - 38% - 40% - 3:49
PK Forward
1 - 67% - 60% - 5:11
2 - 33% - 40% - 2:32
PK Defense
1 - 55% - 60% - 4:15
2 - 45% - 40% - 3:28
PK3 Forward
1 - 91% - 60% - 0:31
2 - 9% - 40% - 0:03
PK3 Defense
1 - 100% - 60% - 0:34
2 - 0% - 40% - 0:00
44 Forward
1 - 0% - 55%
2 - 0% - 45%
44 Defense
1 - 0% - 60%
2 - 0% - 40%
Last Minute Offensive - 0:00
Last Minute Defensive - 0:00
Total
Forward - 60:00
Defense - 60:00
|
Play-by-Play
1st period
0:01 of 1st period - Tyler Johnson wins face-off versus Dylan Larkin in neutral zone.
0:26 of 1st period - Jared Cowen is hit by Philip Samuelsson and loses puck.
0:35 of 1st period - Slapshot by Connor Brown.
0:35 of 1st period - Stopped by Alexandar Georgiev without a rebound.
0:36 of 1st period - T.J. Hensick wins face-off versus Alex Killorn in Kings zone.
0:48 of 1st period - Minor Penalty to Alex Killorn for Holding.
0:49 of 1st period - Frans Nielsen wins face-off versus Charlie Coyle in Kings zone.
0:57 of 1st period - Snap shot by Connor Brown.
0:57 of 1st period - Stopped by Alexandar Georgiev with a rebound.
0:59 of 1st period - Snap shot by Dylan Larkin.
0:59 of 1st period - Stopped by Alexandar Georgiev without a rebound.
1:00 of 1st period - Frans Nielsen wins face-off versus Charlie Coyle in Kings zone.
1:11 of 1st period - Snap shot by Dylan Larkin.
1:11 of 1st period - Shot Misses the Net.
1:13 of 1st period - Slapshot by Charlie Coyle.
1:13 of 1st period - Deflect By Jared Cowen.
1:13 of 1st period - Goal by Charlie Coyle - Red Wings : 1 - Kings : 0.
1:14 of 1st period - Charlie Coyle wins face-off versus Tyler Johnson in neutral zone.
1:21 of 1st period - Snap shot by Connor Brown.
1:21 of 1st period - Goal by Connor Brown - Red Wings : 2 - Kings : 0.
1:22 of 1st period - Auston Matthews wins face-off versus Mike Richards in neutral zone.
1:38 of 1st period - Minor Penalty to Mikko Rantanen for Hooking.
1:39 of 1st period - T.J. Hensick wins face-off versus Frans Nielsen in Kings zone.
1:49 of 1st period - Slapshot by Jonathan Drouin.
1:49 of 1st period - Stopped by Alexandar Georgiev with a rebound.
3:38 of 1st period - Penalty to Mikko Rantanen is over, Mikko Rantanen is back on ice.
4:25 of 1st period - Jared Cowen is hit by Alex DeBrincat and loses puck.
5:46 of 1st period - Jeff Schultz is hit by Chris Tierney and loses puck.
6:12 of 1st period - Raphael Diaz is hit by Dylan Larkin.
6:24 of 1st period - Slapshot by Mike Richards.
6:24 of 1st period - Stopped by Alexandar Georgiev without a rebound.
6:25 of 1st period - Frans Nielsen wins face-off versus Mike Richards in Kings zone.
6:49 of 1st period - Danton Heinen is hit by Neal Pionk and loses puck.
7:06 of 1st period - Snap shot by David Backes.
7:06 of 1st period - Shot Misses the Net.
7:08 of 1st period - Slapshot by Marc Staal.
7:08 of 1st period - Shot Misses the Net.
7:10 of 1st period - Slapshot by Tyler Johnson.
7:10 of 1st period - Stopped by Ondrej Pavelec without a rebound.
7:11 of 1st period - Dylan Larkin wins face-off versus David Backes in Red Wings zone.
7:38 of 1st period - Danton Heinen is hit by Auston Matthews and loses puck.
7:45 of 1st period - Snap shot by Mikko Rantanen.
7:45 of 1st period - Stopped by Ondrej Pavelec with a rebound.
7:47 of 1st period - Wrist shot by Colton Parayko.
7:47 of 1st period - Shot Blocked by Jeff Schultz.
7:49 of 1st period - Slapshot by Jared Cowen.
7:49 of 1st period - Deflect By Chris Tierney.
7:49 of 1st period - Shot Blocked by Jeff Schultz.
7:49 of 1st period - Puck is out of play.
7:50 of 1st period - Sam Bennett wins face-off versus Dylan Larkin in Red Wings zone.
8:05 of 1st period - Dylan Larkin is hit by Alex Killorn and loses puck.
8:11 of 1st period - Minor Penalty to Mitch Marner for Hooking.
8:12 of 1st period - Charlie Coyle wins face-off versus Frans Nielsen in Kings zone.
8:28 of 1st period - Wrist shot by Danton Heinen.
8:28 of 1st period - Deflect By Colton Parayko.
8:28 of 1st period - Stopped by Alexandar Georgiev without a rebound.
8:29 of 1st period - Charlie Coyle wins face-off versus Frans Nielsen in Kings zone.
8:32 of 1st period - Snap shot by Connor Brown.
8:32 of 1st period - Stopped by Alexandar Georgiev without a rebound.
8:33 of 1st period - Charlie Coyle wins face-off versus Frans Nielsen in Kings zone.
8:36 of 1st period - Wrist shot by Connor Brown.
8:36 of 1st period - Shot Blocked by Jared Cowen.
8:38 of 1st period - Minor Penalty to Frans Nielsen for Holding.
8:39 of 1st period - Charlie Coyle wins face-off versus Chris Tierney in Kings zone.
9:12 of 1st period - Snap shot by Jake Gardiner.
9:12 of 1st period - Goal by Jake Gardiner - Red Wings : 3 - Kings : 0.
9:13 of 1st period - Charlie Coyle wins face-off versus Tyler Johnson in neutral zone.
9:18 of 1st period - Snap shot by Connor Brown.
9:18 of 1st period - Goal by Connor Brown - Red Wings : 4 - Kings : 0.
9:18 of 1st period - Carter Hutton enters game.
9:19 of 1st period - Charlie Coyle wins face-off versus Tyler Johnson in neutral zone.
9:46 of 1st period - Colton Parayko is hit by Jeff Schultz and loses puck.
10:17 of 1st period - Slapshot by Philip Samuelsson.
10:17 of 1st period - Stopped by Carter Hutton without a rebound.
10:18 of 1st period - Connor Brown wins face-off versus Tyler Johnson in Kings zone.
11:09 of 1st period - Sam Bennett is hit by Alex DeBrincat and loses puck.
11:25 of 1st period - Icing by Alex Killorn.
11:26 of 1st period - Zac Rinaldo wins face-off versus Mike Richards in Kings zone.
11:42 of 1st period - Off-side.
11:43 of 1st period - Tyler Johnson wins face-off versus Charlie Coyle in neutral zone.
11:59 of 1st period - Wrist shot by Charlie Coyle.
11:59 of 1st period - Shot Misses the Net.
13:23 of 1st period - Minor Penalty to Connor Brown for Tripping.
13:24 of 1st period - Auston Matthews wins face-off versus Carson Mcmillan in Red Wings zone.
15:06 of 1st period - Sam Bennett is hit by Danton Heinen and loses puck.
15:23 of 1st period - Penalty to Connor Brown is over, Connor Brown is back on ice.
16:52 of 1st period - Philip Samuelsson is hit by Jared Cowen and loses puck.
17:07 of 1st period - Minor Penalty to Sam Bennett for Holding.
17:08 of 1st period - T.J. Hensick wins face-off versus Frans Nielsen in Kings zone.
17:33 of 1st period - Tyler Johnson is hit by Charlie Coyle and loses puck.
18:28 of 1st period - Colton Parayko is hit by Danton Heinen and loses puck.
18:49 of 1st period - Connor Brown is hit by Auston Matthews and loses puck.
19:07 of 1st period - Penalty to Sam Bennett is over, Sam Bennett is back on ice.
19:14 of 1st period - Snap shot by Jussi Jokinen.
19:14 of 1st period - Stopped by Carter Hutton without a rebound.
19:15 of 1st period - Mike Richards wins face-off versus Tyler Johnson in Kings zone.
19:23 of 1st period - Icing by Tyler Johnson.
19:24 of 1st period - Tyler Johnson wins face-off versus Dylan Larkin in Kings zone.
Goals for this period are 4 for Red Wings vs 0 for Kings.
Shots for this period are 13 for Red Wings vs 2 for Kings.
2nd period
0:01 of 2nd period - Tyler Johnson wins face-off versus Dylan Larkin in neutral zone.
0:06 of 2nd period - Wrist shot by Johnny Gaudreau.
0:06 of 2nd period - Shot Blocked by Philip Samuelsson.
0:30 of 2nd period - Wrist shot by Chris Tierney.
0:30 of 2nd period - Shot Misses the Net.
0:32 of 2nd period - Snap shot by Chris Tierney.
0:32 of 2nd period - Shot Blocked by Charlie Coyle.
1:02 of 2nd period - Snap shot by Alex DeBrincat.
1:02 of 2nd period - Stopped by Carter Hutton with a rebound.
1:04 of 2nd period - Snap shot by Carson Mcmillan.
1:04 of 2nd period - Stopped by Carter Hutton without a rebound.
1:05 of 2nd period - Jonathan Drouin wins face-off versus Tyler Johnson in Kings zone.
1:20 of 2nd period - Slapshot by Greg Stewart.
1:20 of 2nd period - Deflect By Dylan Larkin.
1:20 of 2nd period - Stopped by Carter Hutton with a rebound.
1:40 of 2nd period - Slapshot by Mikko Rantanen.
1:40 of 2nd period - Shot Misses the Net.
2:13 of 2nd period - Snap shot by Sam Bennett.
2:13 of 2nd period - Shot Blocked by Carson Mcmillan.
2:22 of 2nd period - Icing by Neal Pionk.
2:23 of 2nd period - Mike Richards wins face-off versus Sam Bennett in Kings zone.
2:35 of 2nd period - Icing by Philip Samuelsson.
2:36 of 2nd period - Tyler Johnson wins face-off versus Dylan Larkin in Red Wings zone.
2:39 of 2nd period - Snap shot by Tyler Johnson.
2:39 of 2nd period - Shot Blocked by Philip Samuelsson.
3:24 of 2nd period - Wrist shot by Victor Hedman.
3:24 of 2nd period - Shot Misses the Net.
3:26 of 2nd period - Snap shot by Sam Bennett.
3:26 of 2nd period - Stopped by Ondrej Pavelec without a rebound.
3:27 of 2nd period - Carson Mcmillan wins face-off versus Tyler Johnson in Red Wings zone.
3:29 of 2nd period - Minor Penalty to Carson Mcmillan for Roughing.
3:30 of 2nd period - T.J. Hensick wins face-off versus Auston Matthews in Red Wings zone.
3:59 of 2nd period - Matthew Tkachuk is hit by T.J. Hensick and loses puck.
4:29 of 2nd period - Icing by Tyler Johnson.
4:30 of 2nd period - Johnny Gaudreau wins face-off versus Charlie Coyle in Kings zone.
5:29 of 2nd period - Penalty to Carson Mcmillan is over, Carson Mcmillan is back on ice.
5:35 of 2nd period - Jussi Jokinen is hit by Zac Rinaldo and loses puck.
5:46 of 2nd period - Wrist shot by Cal Clutterbuck.
5:46 of 2nd period - Red Wings goal is going for a video replay.
5:46 of 2nd period - The goal is refused. The puck has been directed, batted or thrown into the net by an attacking player other than with a stick..
5:47 of 2nd period - Dylan Larkin wins face-off versus Frans Nielsen in Kings zone.
6:30 of 2nd period - Icing by Colton Parayko.
6:31 of 2nd period - Sam Bennett wins face-off versus T.J. Hensick in Kings zone.
6:40 of 2nd period - Wrist shot by Mitch Marner.
6:40 of 2nd period - Shot Misses the Net.
7:06 of 2nd period - Victor Hedman is hit by Drew Fata and loses puck.
7:43 of 2nd period - Raphael Diaz is hit by Mike Richards and loses puck.
8:10 of 2nd period - Wrist shot by Johnny Gaudreau.
8:10 of 2nd period - Goal by Johnny Gaudreau - Red Wings : 4 - Kings : 1.
8:11 of 2nd period - Dylan Larkin wins face-off versus Auston Matthews in neutral zone.
8:46 of 2nd period - Wrist shot by Connor Brown.
8:46 of 2nd period - Stopped by Carter Hutton with a rebound.
9:25 of 2nd period - T.J. Hensick is hit by Raphael Diaz and loses puck.
9:50 of 2nd period - Jeff Schultz is hit by Raphael Diaz.
10:18 of 2nd period - Minor Penalty to Marc Staal for Hooking.
10:19 of 2nd period - Charlie Coyle wins face-off versus Frans Nielsen in Kings zone.
10:29 of 2nd period - Wrist shot by Dylan Larkin.
10:29 of 2nd period - Deflect By Connor Brown.
10:29 of 2nd period - Shot Misses the Net.
10:29 of 2nd period - Puck is out of play.
10:30 of 2nd period - Chris Tierney wins face-off versus Charlie Coyle in Kings zone.
10:41 of 2nd period - Chris Tierney is hit by Connor Brown and loses puck.
11:06 of 2nd period - Wrist shot by Jonathan Drouin.
11:06 of 2nd period - Goal by Jonathan Drouin - Red Wings : 5 - Kings : 1.
11:07 of 2nd period - Tyler Johnson wins face-off versus Dylan Larkin in neutral zone.
11:14 of 2nd period - Wrist shot by David Backes.
11:14 of 2nd period - Stopped by Ondrej Pavelec with a rebound.
11:16 of 2nd period - Slapshot by David Backes.
11:16 of 2nd period - Shot Misses the Net.
14:00 of 2nd period - Wrist shot by Mitch Marner.
14:00 of 2nd period - Shot Blocked by Braydon Coburn.
14:17 of 2nd period - Minor Penalty to Mike Richards for Goalie Interference.
14:18 of 2nd period - T.J. Hensick wins face-off versus Auston Matthews in Red Wings zone.
14:30 of 2nd period - Wrist shot by Tyler Johnson.
14:30 of 2nd period - Shot Blocked by Jeff Schultz.
14:32 of 2nd period - Wrist shot by Neal Pionk.
14:32 of 2nd period - Stopped by Ondrej Pavelec without a rebound.
14:33 of 2nd period - T.J. Hensick wins face-off versus Auston Matthews in Red Wings zone.
14:48 of 2nd period - Snap shot by Neal Pionk.
14:48 of 2nd period - Shot Blocked by Jeff Schultz.
14:58 of 2nd period - Carson Mcmillan is hit by Sam Bennett and loses puck.
16:17 of 2nd period - Penalty to Mike Richards is over, Mike Richards is back on ice.
16:34 of 2nd period - Matthew Tkachuk is hit by Greg Stewart and loses puck.
16:47 of 2nd period - Slapshot by Danton Heinen.
16:47 of 2nd period - Shot Misses the Net.
17:09 of 2nd period - Marc Staal is hit by T.J. Hensick and loses puck.
17:25 of 2nd period - Icing by Jake Gardiner.
17:26 of 2nd period - Auston Matthews wins face-off versus Dylan Larkin in Red Wings zone.
17:56 of 2nd period - Slapshot by Sam Bennett.
17:56 of 2nd period - Shot Blocked by Philip Samuelsson.
17:58 of 2nd period - Snap shot by Mitch Marner.
17:58 of 2nd period - Stopped by Ondrej Pavelec with a rebound.
18:00 of 2nd period - Snap shot by Sam Bennett.
18:00 of 2nd period - Shot Blocked by Philip Samuelsson.
18:40 of 2nd period - Marc Staal is hit by Jussi Jokinen and loses puck.
Goals for this period are 1 for Red Wings vs 1 for Kings.
Shots for this period are 6 for Red Wings vs 5 for Kings.
3rd period
0:01 of 3rd period - Tyler Johnson wins face-off versus Charlie Coyle in neutral zone.
0:03 of 3rd period - Off-side.
0:04 of 3rd period - Tyler Johnson wins face-off versus Charlie Coyle in neutral zone.
0:04 of 3rd period - Victor Hedman is hit by Jeff Schultz and loses puck.
1:01 of 3rd period - Snap shot by Jussi Jokinen.
1:01 of 3rd period - Shot Blocked by Sam Bennett.
1:03 of 3rd period - Slapshot by Jeff Schultz.
1:03 of 3rd period - Stopped by Carter Hutton with a rebound.
1:05 of 3rd period - Minor Penalty to Sam Bennett for Hooking.
1:06 of 3rd period - Charlie Coyle wins face-off versus Frans Nielsen in Kings zone.
1:19 of 3rd period - Philip Samuelsson is hit by Frans Nielsen and loses puck.
1:38 of 3rd period - Jonathan Drouin is hit by Zac Rinaldo and loses puck.
3:04 of 3rd period - Philip Samuelsson is hit by Tyler Johnson and loses puck.
3:05 of 3rd period - Penalty to Sam Bennett is over, Sam Bennett is back on ice.
3:21 of 3rd period - Slapshot by Mike Richards.
3:21 of 3rd period - Shot Blocked by Tyler Johnson.
4:06 of 3rd period - Colton Parayko is hit by Jonathan Drouin and loses puck.
4:32 of 3rd period - Minor Penalty to Alex DeBrincat for Tripping.
4:33 of 3rd period - T.J. Hensick wins face-off versus Auston Matthews in Red Wings zone.
4:43 of 3rd period - Slapshot by Mitch Marner.
4:43 of 3rd period - Stopped by Ondrej Pavelec without a rebound.
4:44 of 3rd period - Mikko Rantanen wins face-off versus T.J. Hensick in Red Wings zone.
5:03 of 3rd period - Jeff Schultz is hit by Auston Matthews and loses puck.
5:24 of 3rd period - Slapshot by Mitch Marner.
5:24 of 3rd period - Shot Blocked by Carson Mcmillan.
6:32 of 3rd period - Penalty to Alex DeBrincat is over, Alex DeBrincat is back on ice.
6:33 of 3rd period - Icing by Jeff Schultz.
6:34 of 3rd period - Charlie Coyle wins face-off versus Auston Matthews in Red Wings zone.
7:26 of 3rd period - Auston Matthews is hit by T.J. Hensick and loses puck.
8:07 of 3rd period - Snap shot by Mitch Marner.
8:07 of 3rd period - Deflect By Greg Stewart.
8:07 of 3rd period - Stopped by Ondrej Pavelec with a rebound.
8:09 of 3rd period - Slapshot by Raphael Diaz.
8:09 of 3rd period - Stopped by Ondrej Pavelec without a rebound.
8:10 of 3rd period - Charlie Coyle wins face-off versus Auston Matthews in Red Wings zone.
8:10 of 3rd period - Charlie Coyle is hit by Chris Tierney.
8:13 of 3rd period - Minor Penalty to Colten Teubert for Tripping.
8:14 of 3rd period - T.J. Hensick wins face-off versus Auston Matthews in Red Wings zone.
8:28 of 3rd period - Slapshot by Mikko Rantanen.
8:28 of 3rd period - Shot Misses the Net.
8:52 of 3rd period - Wrist shot by Matthew Tkachuk.
8:52 of 3rd period - Shot Blocked by Jake Gardiner.
8:54 of 3rd period - Snap shot by Sam Bennett.
8:54 of 3rd period - Shot Misses the Net.
9:39 of 3rd period - Danton Heinen is hit by Chris Tierney and loses puck.
10:13 of 3rd period - Penalty to Colten Teubert is over, Colten Teubert is back on ice.
11:50 of 3rd period - Alex Killorn is hit by T.J. Hensick.
12:55 of 3rd period - Charlie Coyle is hit by Colton Parayko and loses puck.
13:09 of 3rd period - Wrist shot by Dylan Larkin.
13:09 of 3rd period - Shot Misses the Net.
13:11 of 3rd period - Wrist shot by Dylan Larkin.
13:11 of 3rd period - Stopped by Carter Hutton with a rebound.
13:33 of 3rd period - Slapshot by Jared Cowen.
13:33 of 3rd period - Stopped by Ondrej Pavelec with a rebound.
13:45 of 3rd period - Sam Bennett is hit by Alex DeBrincat and loses puck.
13:52 of 3rd period - Snap shot by Alex DeBrincat.
13:52 of 3rd period - Shot Blocked by Raphael Diaz.
13:54 of 3rd period - Snap shot by Drew Fata.
13:54 of 3rd period - Shot Misses the Net.
14:12 of 3rd period - Danton Heinen is hit by Johnny Gaudreau.
15:26 of 3rd period - Cal Clutterbuck is hit by Mikko Rantanen and loses puck.
15:49 of 3rd period - Slapshot by Greg Stewart.
15:49 of 3rd period - Stopped by Carter Hutton with a rebound.
16:42 of 3rd period - Braydon Coburn is hit by Auston Matthews and loses puck.
17:03 of 3rd period - David Backes is hit by Braydon Coburn and loses puck.
17:57 of 3rd period - Dylan Larkin is hit by Raphael Diaz and loses puck.
18:19 of 3rd period - Jared Cowen is hit by Carson Mcmillan.
18:23 of 3rd period - Drew Fata is hit by Auston Matthews and loses puck.
18:36 of 3rd period - Sam Bennett is hit by Mike Richards and loses puck.
18:45 of 3rd period - Cal Clutterbuck is hit by Mitch Marner and loses puck.
19:37 of 3rd period - Snap shot by Neal Pionk.
19:37 of 3rd period - Stopped by Ondrej Pavelec without a rebound.
19:38 of 3rd period - Mike Richards wins face-off versus Frans Nielsen in Red Wings zone.
19:48 of 3rd period - Snap shot by Cal Clutterbuck.
19:48 of 3rd period - Stopped by Carter Hutton without a rebound.
19:49 of 3rd period - Tyler Johnson wins face-off versus Charlie Coyle in Kings zone.
19:56 of 3rd period - Slapshot by Raphael Diaz.
19:56 of 3rd period - Stopped by Ondrej Pavelec with a rebound.
19:58 of 3rd period - Snap shot by Tyler Johnson.
19:58 of 3rd period - Shot Misses the Net.
Goals for this period are 0 for Red Wings vs 0 for Kings.
Shots for this period are 4 for Red Wings vs 6 for Kings.